Unix NetHack Version 5.0.0-0 post-release - last build May  4 2026 22:22:43 (774f63e81ad911689b3a0859ea89b322d5daca8d,branch:main).

Game began 2026-05-10 12:20:52, ended 2026-05-10 12:34:43.

GdeVolpiano, lawful female human Archeologist

                          ------------                    ---------
                          |..........|                    |.......|
                          |..........-#       --------    |.......|
                          |....>.....|#       |......|#B@#......<.|
                          |...."..._)|##     #.......-#   |........#
                          --- --------##      |......|#   |.......|#
                                     ###      --.-----##  ---.-----#
                                      #       ######  ##     #     #
                                      #    #### ###    #     #     #
                                    ########      #    #     #     ##
                                    # ###   #     #    # -+--|-     ##
                                        #---+-----.-   ##.....|      #
                                        #|.........|     |....|      #
                                        #|.........|     |.>..|      )# ------
                                        #|.........|     ------       ##|....|
                                        #-.........|                   #|....|
                                         |.........|                   #-.[..|
                                         |.........|                    |*...|
                                         -----------                    ------

GdeVolpiano the Field Worker  St:12 Dx:11 Co:12 In:14 Wi:13 Ch:13  Lawful
Dlvl:4  $:2578 HP:0(26) Pw:13(13) AC:9  Xp:3 T:1968 

Latest messages:
 You swap places with Indy.
 Indy drops a crude dagger.
 You swap places with your djinni.
 The goblin hits!
 You kill the goblin!
 You hit the iguana.
 You knock the iguana backward with a forceful blow!
 The iguana bites!
 You miss the iguana.
 You hit the iguana.
 The iguana bites!
 You miss the iguana.
 The iguana bites!
 You kill the iguana!
 The djinni picks up an iron skull cap.
 Indy drops a crude dagger.
 The djinni puts on an iron skull cap.
 You see here a goblin corpse.
 There is a goblin corpse here; eat it? [ynq] (n)
 This goblin corpse is gamey.
 The djinni picks up a crude dagger.
 The djinni drops a crude dagger.
 The djinni picks up a crude dagger.
 You finish eating the goblin corpse.
 Where do you want to travel to?
 (For instructions type a '?')
 The giant bat bites!
 What do you want to use or apply? [ae-hstyzA or ?*]
 You don't have that object.
 What do you want to use or apply? [ae-hstyzA or ?*]
 Never mind.
 #
 What do you want to adjust? [a-iklpqstvx-zA-E or ?*]
 Adjust letter to what [jm-oruwyF-Z] (? see used letters)?
 Moving: w - a magic whistle.
 What do you want to use or apply? [ae-hstwzA or ?*]
 You produce a strange whistling sound.
 Your djinni appears and Indy disappears.
 The giant bat bites!
 The djinni wields a crude dagger!
 It bites the giant bat.
 The giant bat misses it.
 The giant bat bites!
 It misses the giant bat.
 It thrusts its crude dagger at the giant bat.
 It misses the giant bat.
 The giant bat bites!
 You die...
 Do you want your possessions identified? [ynq] (y)
 Do you want to see your attributes? [ynq] (y)

Inventory:
 Coins    ('$')
  $ - 2578 gold pieces
 Amulets  ('"')
  E - an uncursed amulet versus poison (being worn)
 Weapons  (')')
  a - a +2 bullwhip (alternate weapon; not wielded)
 Armor    ('[')
  c - an uncursed +0 fedora (being worn)
  v - a cursed -2 pair of elven boots
  b - an uncursed +0 leather jacket (being worn)
 Comestibles  ('%')
  d - 6 uncursed food rations
  i - 2 cursed lembas wafers
 Scrolls  ('?')
  x - an uncursed scroll of confuse monster
  l - an uncursed scroll of create monster
  C - an uncursed scroll of destroy armor
  q - a cursed scroll of enchant armor
  D - a blessed scroll of identify
  p - an uncursed scroll of scare monster
 Spellbooks  ('+')
  A - an uncursed spellbook of remove curse
 Potions  ('!')
  B - an uncursed potion of gain level
  k - an uncursed potion of healing
 Wands    ('/')
  z - a wand of opening (0:5)
 Tools    ('(')
  h - an empty uncursed sack
  s - a bag of tricks (0:17)
  t - an uncursed blindfold
  w - an uncursed magic whistle
  e - a +0 pick-axe (weapon in right hand)
  f - a tinning kit (0:35)
 Gems/Stones  ('*')
  g - an uncursed touchstone

GdeVolpiano the Archeologist's attributes:

Background:
 You were a Field Worker, a level 3 female human Archeologist.
 You were lawful, nominally on a mission for Quetzalcoatl
 who was opposed by Camaxtli (neutral) and Huhetotl (chaotic).
 You were right-handed.
 You were in the Dungeons of Doom, on level 4.
 You entered the dungeon 1968 turns ago.
 You had 68 experience points, 12 more were needed to attain level 4.

Basics:
 You had 0 out of 26 hit points.
 You had all 13 energy points (spell power).
 Your armor class was 9.
 Your wallet contained 2578 zorkmids.
 Autopickup was on for '$?!/="+' plus thrown, with exceptions.

Final Characteristics:
 Your strength was 12 (limit:18/100).
 Your dexterity was 11 (limit:18).
 Your constitution was 12 (limit:18).
 Your intelligence was 14 (limit:18).
 Your wisdom was 13 (limit:18).
 Your charisma was 13 (limit:18).

Final Status:
 You weren't hungry.
 You were unencumbered.
 You were wielding a pick-axe.
 You had basic skill with pick-axe.

Final Attributes:
 You were devoutly aligned.
 You were poison resistant.
 You had automatic searching.
 You were lucky.
 You are dead.

Miscellaneous:
 You encountered 1 bones level.
 Total elapsed playing time was 13 minutes and 45 seconds.

Major events:
 Turn
    1: GdeVolpiano the lawful female human Archeologist entered the dungeon
 1256: attained the rank of Field Worker (level 3)
 1968: killed by a giant bat

You didn't know any spells.

Skills:
 Fighting Skills
   bare handed combat [Unskilled]
   two weapon combat  [Unskilled]
   riding             [Unskilled]
 Weapon Skills
   dagger             [Unskilled]
   knife              [Unskilled]
   pick-axe           [Basic]
   short sword        [Unskilled]
   saber              [Unskilled]
   club               [Unskilled]
   quarterstaff       [Unskilled]
   sling              [Unskilled]
   dart               [Unskilled]
   boomerang          [Unskilled]
   whip               [Basic]
   unicorn horn       [Unskilled]
 Spellcasting Skills
   attack spells      [Unskilled]
   healing spells     [Unskilled]
   divination spells  [Unskilled]
   matter spells      [Unskilled]

Voluntary challenges:
 Character rerolling was not enabled.
 You were an atheist.
 You never genocided any monsters.
 You never polymorphed an object.
 You never changed form.
 You used no wishes.
Achievements:
 You attained the rank of Field Worker.
 You entered a shop.

 The Dungeons of Doom: levels 1 to 5
    Level 1:
       A fountain.
    Level 2:
       A fountain.
    Level 3:
    Level 4: <- You were here.
       A general store, an altar.
       Final resting place for
          you, killed by a giant bat.
    Level 5:
       Final resting place for
          246786432-Bar-Hum-Fem-Neu, fell into a pit of iron spikes.


Vanquished creatures:
  a werejackal
 an iguana
  2 hobgoblins
  a red mold
  3 geckos
  3 jackals
  a kobold
  2 goblins
  2 sewer rats
  6 lichens
  2 kobold zombies
  2 newts
26 creatures vanquished.

No species were genocided or became extinct.

Game over:
                       ----------
                      /          \
                     /    REST    \
                    /      IN      \
                   /     PEACE      \
                  /                  \
                  |   GdeVolpiano    |
                  |     2578 Au      |
                  |   killed by a    |
                  |    giant bat     |
                  |                  |
                  |                  |
                  |       2026       |
                 *|     *  *  *      | *
        _________)/\\_//(\/(/\)/\//\/|_)_______

Goodbye GdeVolpiano the Archeologist...

You died in The Dungeons of Doom on dungeon level 4 with 2803 points,
and 2578 pieces of gold, after 1968 moves.
You were level 3 with a maximum of 26 hit points when you died.

